 Dungeon Crawl Stone Soup version 0.26-a0-708-g17f3b190f9 (webtiles) character file.

Game seed: 5479045920780200772

90 robertstho the Skirmisher (level 4, -2/37 HPs)
             Began as a Demonspawn Abyssal Knight on Oct 28, 2020.
             Was a Follower of Lugonu.
             Slain by Sigmund
             ... wielding a +0 scythe
              (5 damage)
             ... on level 2 of the Dungeon.
             The game lasted 00:02:36 (1989 turns).

robertstho the Skirmisher (DsAK)                    Turns: 1989, Time: 00:02:37

Health: -2/37      AC:  8    Str: 13    XL:     4   Next: 32%
Magic:  6/6        EV:  1    Int: 14    God:    Lugonu [*.....]
Gold:   71         SH: 11    Dex: 12    Spells: 3/3 levels left

rFire    . . .     SeeInvis .   a - +1 falchion
rCold    . . .     Faith    .   b - +0 tower shield
rNeg     . . .     Spirit   .   e - +0 chain mail
rPois    .         Reflect  .   (helmet restricted)
rElec    .         Harm     .   (no cloak)
rCorr    .         Rampage  .   (no gloves)
MR       .....                  (no boots)
Stlth    ..........             (no amulet)
HPRegen  0.12/turn              (no ring)
MPRegen  0.10/turn              (no ring)

@: no status effects
A: antennae 1, powered by death 1
a: Depart the Abyss, Renounce Religion


You were on level 2 of the Dungeon.
You worshipped Lugonu.
Lugonu was aware of your devotion.
You visited 1 branch of the dungeon, and saw 2 of its levels.
You visited the Abyss 1 time.

You collected 71 gold pieces.

Inventory:

Hand Weapons
 a - a +1 falchion (weapon)
Armour
 b - a +0 tower shield (worn)
 e - a +0 chain mail (worn)
Scrolls
 d - 2 scrolls of identify {unknown}
 g - a scroll of enchant weapon {unknown}
 i - a scroll of immolation {unknown}
 j - a scroll of fog {unknown}
 l - a scroll of enchant armour {unknown}
 n - a scroll of magic mapping {unknown}
Potions
 c - a potion of ambrosia


   Skills:
 * Level 4.0 Fighting
 + Level 2.4 Long Blades
 + Level 2.2 Armour
 + Level 0.9 Dodging
 + Level 1.1 Shields
 * Level 3.0 Invocations


You had 3 spell levels left.
You didn't know any spells.
Your spell library was empty.

Dungeon Overview and Level Annotations

Branches:
Dungeon (2/15)

Altars:

Annotations:
D:2 Sigmund


Innate Abilities, Weirdness & Mutations

You have a pair of small antennae on your head.
You regenerate a little health from kills.


Message History

The rat bites you but does no damage. Sigmund hits you but does no damage.
You block the rat's attack.
You hit Sigmund.
Sigmund is heavily wounded.
You block the rat's attack. You block Sigmund's attack.
You closely miss Sigmund.
Sigmund is heavily wounded.
You block the rat's attack.
You hit Sigmund.
Sigmund is heavily wounded.
Sigmund hits you with a +0 scythe!
* * * LOW HITPOINT WARNING * * *
You block the rat's attack. The rat bites you but does no damage.
You hit Sigmund but do no damage.
Sigmund is heavily wounded.
You block Sigmund's attack. You block the rat's attack.
You hit Sigmund.
Sigmund is severely wounded.
Sigmund hits you with a +0 scythe.
You die...

.. ... .. .#
#####.#####
##..........
...
##..........$
...
#....r.......
..#
#..)<@.<.....
#....@.......
#............
#............
##.........(.
##..........
###########


You could see Sigmund and a rat.

Vanquished Creatures
  4 gnolls
  An adder (D:2)
  A worm (D:2)
  2 dart slugs (D:1)
  A leopard gecko (D:1)
  4 bats
  A giant cockroach (D:1)
  4 goblins
  3 hobgoblins
  3 jackals (D:1)
  8 kobolds
  A frilled lizard (D:1)
  2 rats (D:1)
35 creatures vanquished.

Notes
Turn   | Place    | Note
-------+----------+-------------------------------------------
     0 | Abyss:1  | robertstho the Demonspawn Abyssal Knight began the quest
                  | for the Orb.
     0 | Abyss:1  | Reached XP level 1. HP: 18/18 MP: 2/2
    51 | Abyss:1  | Noticed an ancient zyme
    60 | Abyss:1  | Noticed a rust devil
    63 | Abyss:1  | Noticed a large abomination
    66 | D:1      | Escaped the Abyss
   160 | D:1      | Noticed a snapping turtle
   160 | D:1      | Noticed a swamp drake
   160 | D:1      | Noticed a hog
   161 | D:1      | Noticed an anaconda
   161 | D:1      | Noticed a worker ant
   353 | D:1      | Reached * piety under Lugonu
   353 | D:1      | Gained mutation: You have a pair of small antennae on your
                  | head. [demonic ancestry]
   353 | D:1      | Reached XP level 2. HP: 20/24 MP: 3/3
  1184 | D:2      | Gained mutation: You regenerate a little health from kills.
                  | [demonic ancestry]
  1184 | D:2      | Reached XP level 3. HP: 30/30 MP: 4/4
  1423 | D:2      | Reached skill level 4 in Fighting
  1721 | D:2      | Reached skill level 1 in Shields
  1721 | D:2      | Reached XP level 4. HP: 20/37 MP: 6/6
  1967 | D:2      | Noticed Sigmund
  1989 | D:2      | Slain by Sigmund

Illustrated notes

Levels and vault maps discovered:
D:1:      onia_arrival_zoo_common, layout_loops_corners
D:2:      layout_rooms, nicolae_gozag_zags_fifth_avenue, uniq_sigmund

Skill      XL: |  1  2  3 |
---------------+----------+-----
Long Blades    | 2 |  2.4
Armour         | 2 |  2.2
Fighting       | 4 |  4.0
Invocations    | 3 |  3.0
Shields        | 1 |  1.1
Dodging        | |  0.9

Action                   |  1- 3 |  4- 6 || total
-------------------------+-------+-------++-------
Melee: Falchion          |   126 |    31 ||   157
Invok: Depart the Abyss  |     1 |       ||     1
  Use: Potion            |       |     5 ||     5
Armor: Chain mail        |    68 |    35 ||   103
Dodge: Dodged            |     6 |     2 ||     8
Block: Tower shield      |    68 |    32 ||   100
       Rpst.: Falchion   |     2 |       ||     2

Table legend: (Time is in decaauts)
 A = Elapsed time spent in this place.
 B = Non-inter-level travel time spent in this place.
 C = Inter-level travel time spent in this place.
 D = Time resting spent in this place.
 E = Time spent auto-exploring this place.
 F = Levels seen in this place.
 G = Mean time per level.
                   A        B        C        D        E       F      G
               +--------+--------+--------+--------+--------+-----+--------+
         Total |   2049 |   2011 |     38 |    270 |   1305 |   3 |  683.0 |
       Dungeon |   1983 |   1945 |     38 |    270 |   1255 |   2 |  991.5 |
         Abyss |     66 |     66 |      0 |      0 |     50 |   1 |   66.0 |
               +--------+--------+--------+--------+--------+-----+--------+

Top non-repeatable levels by time:
     D:1: 1549 daAuts
     D:2: 434 daAuts
 Abyss:1: 66 daAuts
